 Dungeon Crawl Stone Soup version 0.28-a0-1344-g6b9ff3a05d (webtiles) character file.

Game seed: 16584652290412811379

3796 Deminshera the Covert (level 10, -3/54 (60) HPs)
             Began as a Kobold Brigand on Dec 29, 2021.
             Was a Believer of Dithmenos.
             Slain by an orc warlord (16 damage)
             ... in a bailey.
             The game lasted 00:20:07 (13120 turns).

Deminshera the Covert (Kobold Brigand)             Turns: 13120, Time: 00:20:07

HP:   -3/54 (60)    AC: 11    Str: 12    XL:     10   Next: 39%
MP:   10/10         EV: 22    Int: 13    God:    Dithmenos [**....]
Gold: 480           SH:  0    Dex: 12    Spells: 9/9 levels left

rFire   . . .      SeeInvis .   J - +0 dagger (elec)
rCold   + . .      Faith    .   (no shield)
rNeg    . . .      Spirit   .   D - +3 ring mail "Wonun" {rC+ Regen+ Dex-5}
rPois   .          Reflect  .   i - +0 helmet
rElec   .          Harm     .   K - scarf {+Inv}
rCorr   .          Rampage  .   n - +0 pair of gloves
Will    .....                   f - +0 pair of boots
Stlth   ++++++++..              (no amulet)
HPRegen 0.98/turn               I - ring of the Hare {EV+8}
MPRegen 0.12/turn               (no ring)

@: very slightly contaminated, wreathed by umbra, heavily drained, invisible
(expiring)
A: small, no large weapons, nightstalker 3
a: Renounce Religion, Evoke Invisibility, Shadow Step


You were in a bailey.
You worshipped Dithmenos.
Dithmenos was pleased with you.
You visited 2 branches of the dungeon, and saw 10 of its levels.
You also visited: Bailey.

You collected 480 gold pieces.

Inventory:

Hand Weapons
 a - a +2 dagger
 J - a +0 dagger of electrocution (weapon)
Missiles
 e - 27 poisoned darts
 t - a throwing net
 z - 15 boomerangs (quivered)
 A - 67 bolts
 B - 8 boomerangs of dispersal
Armour
 c - a +0 cloak
 f - a +0 pair of boots (worn)
 i - a +0 helmet (worn)
 k - a +0 leather armour
 n - a +0 pair of gloves (worn)
 D - the +3 ring mail "Wonun" (worn) {rC+ Regen+ Dex-5}
   (You found it on level 7 of the Dungeon)

   Dex:       It affects your dexterity (-5).
   rC:        It protects you from cold.
   Regen:     It increases your rate of health regeneration.
 K - a scarf of invisibility (worn)
Jewellery
 I - the ring of the Hare (left hand) {EV+8}
   (You found it on level 7 of the Dungeon)

   [ring of evasion]

   EV:        It affects your evasion (+8).
Wands
 l - a wand of flame (8)
 p - a wand of charming (9)
 F - a wand of mindburst (21)
 G - a wand of iceblast (21)
Scrolls
 b - a scroll of enchant armour {unknown}
 d - 2 scrolls of enchant weapon {unknown}
 g - a scroll of fear {unknown}
 h - 5 scrolls of teleportation
 j - a scroll of acquirement
 q - 2 scrolls of amnesia
 r - 2 scrolls of blinking {unknown}
 u - a scroll of vulnerability
 x - a scroll of holy word {unknown}
 y - 2 scrolls of noise
Potions
 m - a potion of ambrosia
 o - a potion of resistance {unknown}
 s - a potion of flight
 v - 2 potions of magic
 w - 2 potions of curing
 C - 2 potions of heal wounds
 E - a potion of might {unknown}
 H - a potion of haste {unknown}
 L - a potion of mutation {unknown}


   Skills:
 - Level 6.0 Fighting
 - Level 5.0 Short Blades
 - Level 5.0 Throwing
 - Level 5.0 Dodging
 + Level 14.1 Stealth
 - Level 8.0 Evocations


You had 9 spell levels left.
You didn't know any spells.
Your spell library contained the following spells:

 Spells                   Type           Power      Damage    Failure   Level
 Apportation              Tloc           0%         N/A       56%         1
 Beastly Appendage        Tmut           0%         N/A       56%         1
 Static Discharge         Conj/Air       0%         N/A       71%         2
 Wereblood                Tmut           0%         N/A       71%         2
 Inner Flame              Hex/Fire       0%         N/A       91%         3
 Spider Form              Tmut/Pois      0%         N/A       91%         3
 Cause Fear               Hex            0%         N/A       100%        4
 Alistair's Intoxication  Tmut/Pois      0%         N/A       100%        5
 Lightning Bolt           Conj/Air       0%         1d11      100%        5
 Discord                  Hex            0%         N/A       100%        8
 Maxwell's Capacitive Co  Air            0%         ∞         100%        8


Dungeon Overview and Level Annotations

Branches:
Dungeon (9/15)             Temple (1/1) D:4            Lair (0/6) D:8
 Bailey (1/1)
    Orc: D:9-12

Altars:
Ashenzari
Cheibriados
Dithmenos
Elyvilon
Fedhas
Gozag
Hepliaklqana
Kikubaaqudgha
Makhleb
Nemelex Xobeh
Okawaru
Qazlal
Ru
Sif Muna
Trog
Vehumet
Wu Jian
Xom
Yredelemnul
Zin
The Shining One

Shops:
D:4 *   D:5 ?


Innate Abilities, Weirdness & Mutations

You are small and have problems with some larger weapons.
You are completely attuned to the shadows.


Message History

You open the gate.
You feel drained.
You fade into invisibility!
You are very lightly contaminated with residual magic.
There is an open translucent gate here.
You enter the shallow water.
Moving in this stuff is going to be slow. ...and don't expect to remain undetected.
Found a gate leading back out of this place.
An orc warlord comes into view. It is wielding a +0 war axe.
The helpless orc warlord fails to defend itself.
You stick the orc warlord like a pincushion!!!
The orc warlord is severely wounded.
Found a runed hunting sling.
The orc warlord hits you with a +0 war axe!
You hit the orc warlord but do no damage.
The orc warlord is heavily wounded.
The orc warlord hits you with a +0 war axe!
You hit the orc warlord but do no damage.
The orc warlord is heavily wounded.
You flicker for a moment.
You closely miss the orc warlord.
The orc warlord is heavily wounded.
The orc warlord misses you.
You catch the helpless orc warlord completely off-guard!
You impale the orc warlord!!
The orc warlord is severely wounded.
The orc warlord hits you with a +0 war axe!!
* * * LOW HITPOINT WARNING * * *
You barely miss the orc warlord.
The orc warlord is severely wounded.
The orc warlord misses you.
You hit the orc warlord but do no damage.
The orc warlord is severely wounded.
Your ring mail "Wonun" prevents you from hitting the orc warlord.
The orc warlord is severely wounded.
You closely miss the orc warlord.
The orc warlord is severely wounded.
The orc warlord hits you with a +0 war axe!
You die...

♣≈≈#..........#≈≈≈≈≈#))........
♣≈≈#..8..8....'....)').....)...
♣≈≈#........#########.)....8...
♣≈≈##......## ####......#
♣...##.....#≈)..... #≈≈#...).##
♣....##....#≈?........≈#....##
♣♣.....#.÷..##8.8...8.8≈##...#
♣......')....#o........≈≈'...#
♣∩.∩...'.....#.@..∩....≈≈'...#
♣......'.÷...#.........≈≈'...#
♣♣.....#.)..##8.8...8.8≈##...#
♣....##)...#≈?........≈#....##
♣...##.....#≈}.....≈#≈≈#.....##
♣≈≈##†.....##≈≈≈#≈≈≈####......#
♣≈≈#........#########......8...
♣≈≈#..8..8....'.....'..........
♣≈≈#..........#≈≈≈≈≈#..........


You could see an orc warlord.

Vanquished Creatures
  Grinder (D:3)
  A steam dragon (D:7)
  3 wargs
  A water moccasin (D:5)
  6 orc warriors
  A black bear (D:6)
  2 ice beasts
  2 necrophages
  A sky beast (D:8)
  2 centaurs
  Blork the orc (D:4)
  2 phantoms
  2 kobold brigands (D:6)
  2 bullfrogs
  A gnoll sergeant (D:5)
  A water moccasin skeleton (D:5)
  5 wights (D:8)
  A crimson imp (D:8)
  A bullfrog zombie (D:7)
  A centaur zombie (D:8)
  A jelly (D:6)
  A bullfrog skeleton (D:5)
  2 hounds
  2 orc priests
  2 iguanas (D:6)
  11 orc wizards
  A hound skeleton (D:4)
  11 gnolls
  5 adders
  A shadow imp (D:6)
  4 white imps
  An ufetubus (D:4)
  An adder skeleton (D:4)
  3 dart slugs
  34 orcs
  6 endoplasms
  3 giant cockroaches
  8 goblins
  7 hobgoblins
  10 jackals
  2 quokkas (D:4)
  4 ball pythons
  6 bats
  3 frilled lizards
  31 kobolds
  7 rats
204 creatures vanquished.

Vanquished Creatures (others)
  An orc wizard (D:9)
  9 plants
10 creatures vanquished.

Grand Total: 214 creatures vanquished

Notes
Turn   | Place    | Note
-------+----------+-------------------------------------------
     0 | D:1      | Deminshera the Kobold Brigand began the quest for the Orb.
     0 | D:1      | Reached XP level 1. HP: 12/12 MP: 1/1
   202 | D:1      | Reached XP level 2. HP: 18/18 MP: 2/2
   443 | D:1      | Reached XP level 3. HP: 22/22 MP: 3/3
   562 | D:1      | Reached skill level 6 in Stealth
  1001 | D:2      | Found a faded altar of an unknown god.
  1736 | D:2      | Reached XP level 4. HP: 27/27 MP: 4/4
  1967 | D:3      | Noticed Grinder
  1989 | D:3      | Paralysed by Grinder for 5 turns
  1999 | D:3      | Paralysed by Grinder for 2 turns
  2010 | D:3      | Killed Grinder
  2011 | D:3      | Reached skill level 5 in Short Blades
  2011 | D:3      | Reached skill level 7 in Stealth
  2011 | D:3      | Reached XP level 5. HP: 26/33 MP: 5/5
  2011 | D:3      | Reached XP level 6. HP: 29/38 MP: 6/6
  3065 | D:4      | Noticed Blork the orc
  3069 | D:4      | Killed Blork the orc
  3070 | D:4      | Reached skill level 8 in Stealth
  3210 | D:4      | Reached XP level 7. HP: 44/44 MP: 7/7
  3230 | D:4      | Found Jiakkue's CLEARANCE SALE!.
  3260 | D:4      | Found a staircase to the Ecumenical Temple.
  3282 | Temple   | Entered the Ecumenical Temple
  3574 | D:4      | Found an ornate altar of the Wu Jian Council.
  3578 | D:4      | Found a white marble altar of Elyvilon.
  3582 | D:4      | Found a shimmering blue altar of Sif Muna.
  3586 | D:4      | Found a basalt altar of Yredelemnul.
  3589 | D:4      | Found a shadowy altar of Dithmenos.
  3594 | D:4      | Found a sacrificial altar of Ru.
  3596 | D:4      | Became a worshipper of Dithmenos the Shadowed
  4606 | D:5      | Entered Level 5 of the Dungeon
  4810 | D:5      | Reached skill level 9 in Stealth
  5196 | D:4      | Reached skill level 5 in Fighting
  6055 | D:5      | Noticed a water moccasin
  6078 | D:5      | Killed a water moccasin
  6079 | D:5      | Reached skill level 10 in Stealth
  6079 | D:5      | Reached XP level 8. HP: 44/51 MP: 8/8
  6893 | D:5      | Found Ysurywue's Magic Scroll Emporium.
  7556 | D:5      | Reached skill level 5 in Dodging
  7771 | D:6      | Reached * piety under Dithmenos
  7772 | D:6      | Reached skill level 1 in Evocations
  8850 | D:6      | Reached skill level 5 in Evocations
  8850 | D:6      | Reached XP level 9. HP: 55/55 MP: 9/9
  9719 | D:7      | Identified the +3 ring mail "Wonun" {rC+ Regen+ Dex-5}
 10409 | D:7      | Found a snail-covered altar of Cheibriados.
 10457 | D:7      | Found the ring of the Hare {EV+8}
 10796 | D:7      | Reached skill level 5 in Throwing
 11778 | D:8      | Reached skill level 11 in Stealth
 11805 | D:8      | Found a staircase to the Lair.
 11938 | D:8      | Reached XP level 10. HP: 60/60 MP: 10/10
 11988 | D:8      | Reached skill level 12 in Stealth
 12148 | D:8      | Found an opulent altar of Gozag.
 12388 | D:8      | Reached skill level 13 in Stealth
 12533 | D:9      | Reached ** piety under Dithmenos
 12545 | D:9      | Found a flagged portal.
 12551 | Bailey   | Entered a bailey
 12791 | Bailey   | Found a runed translucent gate.
 12797 | Bailey   | Found a runed translucent gate.
 12798 | Bailey   | Found a runed translucent gate.
 12820 | Bailey   | Reached skill level 14 in Stealth
 13107 | Bailey   | Noticed an orc warlord
 13120 | Bailey   | Slain by an orc warlord

Illustrated notes

Levels and vault maps discovered:
D:1:      dpeg_arrival_more_subterranean_lakeside_camping, layout_basic,
          st_stairs_13
D:2:      layout_basic, hellmonk_ecumenical_altar_crossroads
D:3:      layout_rooms, uniq_grinder
D:4:      layout_layer_cave, nicolae_overflow_hallway_of_the_gods,
          minmay_temple_entry_hall, nicolae_shop_clearance, uniq_blork_the_orc
D:5:      layout_basic, serial_shops, shop
D:6:      layout_loops_ring, nicolae_figureground_pulse
D:7:      layout_cave_pools, mainiacjoe_overflow_cross_hatched,
          minmay_crystal_water
D:8:      layout_rooms, kennysheep_little_box, erik_lair_orcish_takeover,
          minmay_fire_ice_demons
D:9:      due_megacathedral, layout_basic,
          nicolae_uskayaw_murder_on_the_dancefloor, enter_bailey_6
Temple:   nicolae_temple_figure_eight
Bailey:   bailey_axe_bossmonster_kennysheep, bailey

Skill      XL: |  1  2  3  4  5  6  7  8  9 10 |
---------------+-------------------------------+-----
Short Blades   | 3 4 5 |  5.0
Stealth        | 6 7 8 10 11 14 | 14.1
Fighting       | 4 5 6 |  6.0
Dodging        | 5 |  5.0
Evocations     | 5 8 |  8.0
Throwing       | 5 |  5.0

Action                   |  1- 3 |  4- 6 |  7- 9 | 10-12 || total
-------------------------+-------+-------+-------+-------++-------
Melee: Dagger            |    95 |    69 |   543 |   234 ||   941
Throw: Dart              |       |    10 |   160 |       ||   170
       Throwing net      |       |       |     7 |       ||     7
       Boomerang         |       |       |     1 |     1 ||     2
 Abil: Evoke Invisibilit |       |       |       |     2 ||     2
Evoke: Wand              |       |       |    14 |       ||    14
  Use: Potion            |       |     2 |     3 |     1 ||     6
       Scroll            |       |       |     9 |     3 ||    12
 Stab: Sleeping          |    25 |    13 |    23 |    10 ||    71
       Invisible         |       |       |       |     4 ||     4
       Distracted        |       |       |       |     1 ||     1
Armor: Robe              |    12 |       |       |       ||    12
       Leather armour    |    11 |    18 |    44 |       ||    73
       Skin              |       |       |    14 |       ||    14
       Ring mail         |       |       |    55 |    16 ||    71
Dodge: Dodged            |    55 |    35 |   392 |   162 ||   644

Table legend: (Time is in decaauts)
 A = Elapsed time spent in this place.
 B = Non-inter-level travel time spent in this place.
 C = Inter-level travel time spent in this place.
 D = Time resting spent in this place.
 E = Time spent auto-exploring this place.
 F = Levels seen in this place.
 G = Mean time per level.
                   A        B        C        D        E       F      G
               +--------+--------+--------+--------+--------+-----+--------+
         Total |  12906 |  12347 |    559 |   4377 |   5868 |  11 | 1173.3 |
       Dungeon |  12128 |  11615 |    513 |   4235 |   5490 |   9 | 1347.6 |
        Temple |    235 |    189 |     46 |      0 |    186 |   1 |  235.0 |
        Bailey |    542 |    542 |      0 |    142 |    192 |   1 |  542.0 |
               +--------+--------+--------+--------+--------+-----+--------+

Top non-repeatable levels by time:
     D:5: 2480 daAuts
     D:6: 2208 daAuts
     D:4: 2193 daAuts
     D:7: 1387 daAuts
     D:8: 1070 daAuts
     D:1: 1038 daAuts
     D:2: 986 daAuts
     D:3: 702 daAuts
  Bailey: 542 daAuts
  Temple: 235 daAuts
     D:9: 60 daAuts
